← All builds
Suicide front / Armada / Factory first / OBSERVED BUILD

Standard suicide front

Armada Suicide front build order · Supreme Isthmus

The role's baseline: Bot Lab at 0:21 then straight into reclaim-fed T1 bot production to contest the middle and hold until T2 arrives, with an Advanced Metal Extractor around 9:45.

#rush · 2020 distinct matches · 232 players · 71% of Armada Suicide front games · team won 59% of 2395 · Recently observed

HOW TO PLAY IT

Key timing: Bot Lab by 0:20

  1. Open with mex and lab-first to get Bot Lab up by 0:20.
  2. Expand mex and wind while lab pumps units toward middle.
  3. Push Sentry and early Rocketeer, Centurion to contest middle.
  4. Get T2 constructor out once Pond's boost lets you spare metal.
  5. Upgrade mex to Advanced Metal Extractor as you transition off T1 spam.

Phase by phase

TYPICAL OF ITS 2020 GAMES
  1. 1
  2. 2
  3. 3
PLAY THE OPENING

Follow the example game's first 6:00 step by step: what to build now, what comes next, and where it goes. At 1× it keeps pace with your own game.

  1. 1

    Bot Lab first

    Order
    1. Bot LabBot Lab done ~0:21, middle half 0:20–0:33

    Some games also: mex (44%)

  2. 2

    Bot Lab to 5:00

    Economy
    • Metal Extractor5Mex
    • Wind Turbine4Wind
    Builders
    • Construction Bot3 Con bot
    • Lazarus2 Lazarus
    Army
    • Sentry4 Sentry
    • Rocketeer16 Rocketeer
    • Tick2 Tick
    • Centurion1 Centurion
    Other
    • Radar Tower1 Radar Tower

    Some games also: pawn (37%) · con turret (34%)

    By 5:00 in all: 5 mex · 4 wind

    The example game in this phase · 43 steps
    1. TickTick
    2. Mex
    3. LazarusLazarus
    4. Mex
    5. Wind ×2
    6. Construction BotCon bot
    7. Wind
    8. Mex
    9. SentrySentry
    10. Construction BotCon bot
    11. PawnPawn
    12. Mex
    13. PawnPawn ×5
    14. SentrySentry
    15. PawnPawn
    16. Mex
    17. PawnPawn ×6
    18. RocketeerRocketeer ×2
    19. SentrySentry
    20. RocketeerRocketeer ×3
    21. Con turret
    22. SentrySentry
    23. RocketeerRocketeer
    24. Radar TowerRadar Tower
    25. Dragon's TeethDragon's Teeth ×2
    26. RocketeerRocketeer
    27. Dragon's TeethDragon's Teeth ×2
    28. RocketeerRocketeer
    29. Wind
    30. Dragon's TeethDragon's Teeth ×3
    31. Wind
    32. RocketeerRocketeer
    33. Wind
    34. RocketeerRocketeer
    35. Wind
    36. RocketeerRocketeer
    37. Wind
    38. BeamerBeamer
    39. RocketeerRocketeer
    40. PawnPawn
    41. Wind
    42. MaceMace ×2
    43. LazarusLazarus
  3. 3

    5:00 to 10:00

    Economy
    • Metal Extractor1Mex
    • Wind Turbine15Wind
    Builders
    • Construction Turret2 Con turret
    • Lazarus2 Lazarus
    • Construction Bot1 Con bot
    Army
    • Sentry1 Sentry
    • Rocketeer8 Rocketeer

    Some games also: pawn (49%) · Radar Tower (46%) · tick (45%) · centurion (44%) · energy storage (43%) · eat Bot Lab (31%)

    By 10:00 in all: 6 mex · 21 wind · 1 energy storage · 2 con turret

    The example game in this phase · 103 steps
    1. SentrySentry
    2. MaceMace
    3. Wind
    4. MaceMace ×2
    5. SentrySentry
    6. Wind
    7. MaceMace ×2
    8. Wind
    9. SentrySentry ×2
    10. MaceMace
    11. Wind
    12. MaceMace
    13. Mex
    14. Wind
    15. MaceMace
    16. RocketeerRocketeer
    17. SentrySentry
    18. Wind
    19. MaceMace
    20. Dragon's TeethDragon's Teeth
    21. MaceMace
    22. Dragon's TeethDragon's Teeth ×2
    23. Wind
    24. Dragon's TeethDragon's Teeth
    25. RocketeerRocketeer
    26. Dragon's TeethDragon's Teeth
    27. Construction BotCon bot
    28. Energy storage
    29. Dragon's TeethDragon's Teeth ×6
    30. PawnPawn
    31. SentrySentry
    32. Wind
    33. PawnPawn
    34. NettleNettle
    35. Wind
    36. PawnPawn ×4
    37. Advanced Metal ExtractorT2 mexdone 7:51 · typical 9:46
    38. PawnPawn
    39. Radar TowerRadar Tower
    40. Wind
    41. PawnPawn ×4
    42. Advanced Metal ExtractorT2 mex
    43. Mex
    44. PawnPawn
    45. SentrySentry
    46. Advanced Bot LabAdvanced Bot Labdone 9:24
    47. PawnPawn ×3
    48. Advanced Metal ExtractorT2 mex
    49. HoundHound
    50. Solar
    51. HoundHound ×2
    52. Mexfor Front
    53. HoundHound
    54. Advanced Metal ExtractorT2 mex
    55. Solar
    56. HoundHound
    57. WelderWelder
    58. Solar ×2
    59. Mexfor Front
    60. Solar
    61. WelderWelder
    62. Solar
    63. WelderWelder
    64. Solar
    65. WelderWelder ×2
    66. Wind ×2
    67. RattlesnakeRattlesnakedone 13:22
    68. BeamerBeamer
    69. HoundHound
    70. SmugglerJammer bot
    71. Wind
    72. HoundHound
    73. Construction BotCon bot
    74. Wind
    75. Solar
    76. HoundHound
    77. BeamerBeamer
    78. Construction BotCon bot
    79. Wind
    80. HoundHound ×2
    81. Wind
    82. BeamerBeamer
    83. LazarusLazarus
    84. HoundHound
    85. Con turret
    86. LazarusLazarus
    87. Wind
    88. LazarusLazarus
    89. Advanced Metal ExtractorT2 mex
    90. Wind
    91. WelderWelder
    92. Con turret
    93. Wind
    94. WelderWelder
    95. Advanced Metal ExtractorT2 mex
    96. Wind
    97. WelderWelder
    98. NettleNettle
    99. WelderWelder
    100. Wind
    101. WelderWelder
    102. Wind
    103. Sneaky PeteSneaky Pete

Counts are medians over the build's games: half of them build more, half fewer. The example game is [MADO]MyDude's (32 OS, 06/10/2026); pick another.

Team trades

IN AT LEAST 30% OF ITS GAMES

You hand over

Nothing regular.

You get

  • Tidal Generator4 Tidal from Pondfirst at 0:11 · in 68% of games
  • Advanced Construction Bot1 T2 con bot from Geo or Techfirst at 7:41 · in 57% of games

How it plays out

Typical game of this build, running totals by minute

Metal produced

010k20k
0:005:0010:0015:00

metal

Enemy metal destroyed

05k10k
0:005:0010:0015:00

metal

Own metal lost

05k10k
0:005:0010:0015:00

metal

2395 games.

Show as table
ByMetal produced: This buildEnemy metal destroyed: This buildOwn metal lost: This build
1:0023000
2:0088600
3:002007184130
4:003108643501
5:0041841352998
6:00534921831707
7:00654430512590
8:00776039353502
9:00903546904383
10:001041253145163
11:001188958585965
12:001358364066686
13:001540468757453
14:001729875038214
15:001929281099007
WHAT THE NUMBERS SAY

Standard Suicide front play wins a bit over half its games while taking the heaviest own losses of any role by 15:00.

  • + Produces 20142 metal by 15:00, highest of the front roles.
  • + First kill by 2:01 in all games, fastest contest of middle.
  • − Own metal lost hits 9178 by 15:00, more than enemy metal destroyed.
  • − Only 34% Rocketeer share shows army spread thin across many bot types.
THE EXAMPLE YOU ARE READING

[MADO]MyDude

32.2 OS · 06/10/2026

Open source match ↗

5 received units · includes a constructor
341 metal received · 61685 energy received

Allied construction assistance is unknown. Timings are observations, not a promise of solo reproducibility.

Typical milestones

Bot Lab0:21Middle 50%: 0:20–0:33 · n=2387
Advanced Metal Extractor9:46Middle 50%: 8:50–10:58 · n=1732

Played most by

_X_262games of this buildPlatinumBlonde188games of this buildXad165games of this buildTrapCaT109games of this buildImmort80games of this build